 Dungeon Crawl Stone Soup version 0.30.1-4-g462c640d31 (webtiles) character file.

Game seed: 5567797027863740350

22 Bobit the Chopper (level 2, 0/20 HPs)
             Began as a Gnoll Wanderer on Aug 13, 2023.
             Succumbed to a goblin's poison
             ... on level 1 of the Dungeon.
             The game lasted 00:01:38 (207 turns).

Bobit the Chopper (Gnoll Wanderer)                   Turns: 207, Time: 00:01:39

Health: 0/20       AC:  6    Str:  9    XL:     2   Next: 91%
Magic:  7/7        EV:  9    Int: 14    God:
Gold:   0          SH:  0    Dex: 10    Spells: 9/10 levels left

rFire   . . .        a - +2 hand axe
rCold   . . .        (no shield)
rNeg    . . .        e - +0 ring mail
rPois   .            (no helmet)
rElec   .            (no cloak)
rCorr   .            b - +0 pair of gloves
SInv    .            (no boots)
Will    .....        (no amulet)
Stlth   ++           (no ring)
HPRegen 0.23/turn    (no ring)
MPRegen 0.10/turn

%: no passive effects
@: lethally poisoned (0 -> -21)
A: fangs 1, strong nose, distributed training
a: no special abilities


You were on level 1 of the Dungeon.
You visited 1 branch of the dungeon, and saw 1 of its levels.

Inventory:

Hand Weapons
 a - a +2 hand axe (weapon)
Armour
 b - a +0 pair of gloves (worn)
 d - a +0 robe
 e - a +0 ring mail (worn)
Scrolls
 g - a scroll of fear {unknown}
 h - a scroll of blinking {unknown}
Potions
 c - a potion of attraction
 f - a potion of brilliance {unknown}


   Skills:
 + Level 0.5 Fighting
 + Level 0.5 Short Blades
 + Level 0.5 Long Blades
 + Level 6.5 Axes
 + Level 0.5 Maces & Flails
 + Level 0.5 Polearms
 + Level 0.5 Staves
 + Level 0.5 Ranged Weapons
 + Level 2.5 Throwing
 + Level 0.5 Armour
 + Level 0.5 Dodging
 + Level 4.1 Stealth
 + Level 0.5 Shields
 + Level 0.5 Unarmed Combat
 + Level 4.9 Spellcasting
 + Level 0.4 Conjurations
 + Level 0.4 Hexes
 + Level 0.4 Summonings
 + Level 0.4 Necromancy
 + Level 0.4 Translocations
 + Level 0.4 Transmutations
 + Level 0.4 Fire Magic
 + Level 2.0 Ice Magic
 + Level 0.4 Air Magic
 + Level 0.4 Earth Magic
 + Level 0.4 Poison Magic
 + Level 0.7 Invocations
 + Level 2.5 Evocations


You had 9 spell levels left.
You knew the following spells:

 Your Spells              Type           Power      Damage    Failure   Level
a - Freeze                Ice            36%        1d5       21%         1

Your spell library contained the following spells:

 Spells                   Type           Power      Damage    Failure   Level
 Ozocubu's Armour         Ice            9%         N/A       52%         3


Dungeon Overview and Level Annotations

Branches:
Dungeon (1/15)

Altars:


Innate Abilities, Weirdness & Mutations

You have very sharp teeth.
Your uncanny sense of smell can sniff out nearby items.
Your experience applies equally to all skills.


Message History

No target in view!
No target in view!
No target in view!
No target in view!
No target in view!
No target in view!
No target in view!
A goblin comes into view. It is wielding a +2 dagger of venom.
Found a scroll labelled ENKAESK VEFUR.
The goblin shouts!
A hobgoblin comes into view.
The hobgoblin shouts!
You closely miss the goblin.
The goblin hits you with a +2 dagger of venom.
You are poisoned.
You barely miss the goblin.
You feel sick. The goblin barely misses you.
You closely miss the goblin. You bite the goblin, but do no damage.
You feel sick. The goblin closely misses you.
You hit the hobgoblin. Your bite misses the hobgoblin.
The hobgoblin is lightly wounded.
You completely miss the goblin.
You feel sick. The hobgoblin hits you.
The goblin hits you with a +2 dagger of venom.
You are lethally poisoned!
You hit the hobgoblin.
The hobgoblin is severely wounded.
You hit the goblin but do no damage.
You feel very sick. The goblin hits you but does no damage.
You are more poisoned.
The hobgoblin barely misses you.
You hit the hobgoblin.
You kill the hobgoblin!
You completely miss the goblin.
* * * LOW HITPOINT WARNING * * *
You feel very sick.
The goblin hits you with a +2 dagger of venom.
* * * LOW HITPOINT WARNING * * *
You are more poisoned.
You barely miss the goblin. Your bite misses the goblin.
You die...

#.#.# ♣°♣ #...#
.# ♣§8 #..## .#
♣.♣♣8§ #...# #.#
♣♣.8§§ #.#.## ..#
.....∩
##.#..###.####
♣.♣8§.
##......#.....##
♣§8.
#..>...........#
♣§♣8
#........@.......
♣§♣§♣
#........†g......
#§§§♣
#................
## §
#................
#
#......?.........
#................
#..............#
#.....##.....##


You could see a goblin.

Vanquished Creatures
  A ball python (D:1)
  An endoplasm (D:1)
  A hobgoblin (D:1)
  8 jackals (D:1)
  2 bats (D:1)
  7 frilled lizards (D:1)
  A rat (D:1)
21 creatures vanquished.

Notes
Turn   | Place    | Note
-------+----------+-------------------------------------------
     0 | D:1      | Bobit the Gnoll Wanderer began the quest for the Orb.
     0 | D:1      | Bobit set off with the following items: a +2 hand axe, a +0
                  | pair of gloves, a potion of attraction, a +0 robe; and the
                  | following spell memorised: Freeze; and the following spells
                  | available to memorise: Ozocubu's Armour.
     0 | D:1      | Reached XP level 1. HP: 13/13 MP: 6/6
    36 | D:1      | Reached XP level 2. HP: 18/19 MP: 7/7
    76 | D:1      | HP: 1/20 [jackal (3)]
   207 | D:1      | Succumbed to a goblin's poison

Illustrated notes

Levels and vault maps discovered:
D:1:      heliophobic_arrival_enchanted_forest, layout_rooms, minmay_lizard_pond

Skill      XL: |  1 |
---------------+----+-----
Ice Magic      | 2 |  2.0
Fighting       | |  0.5
Short Blades   | |  0.5
Long Blades    | |  0.5
Axes           | |  6.5
Maces & Flails | |  0.5
Polearms       | |  0.5
Staves         | |  0.5
Ranged Weapons | |  0.5
Throwing       | |  2.5
Armour         | |  0.5
Dodging        | |  0.5
Stealth        | |  4.1
Shields        | |  0.5
Unarmed Combat | |  0.5
Spellcasting   | |  4.9
Conjurations   | |  0.4
Hexes          | |  0.4
Summonings     | |  0.4
Necromancy     | |  0.4
Translocations | |  0.4
Transmutations | |  0.4
Fire Magic     | |  0.4
Air Magic      | |  0.4
Earth Magic    | |  0.4
Poison Magic   | |  0.4
Invocations    | |  0.7
Evocations     | |  2.5

Action                     || total
---------------------------++-------
  Melee: Hand axe          ||    39
         Bite              ||     2
 Armour: Robe              ||     2
         Ring mail         ||    20
  Dodge: Dodged            ||    17
